Map: Pylon LE

Players

GreyNight - Winner!

  • Race: Terran Terran
  • League: Diamond
  • Spawn Location: 5:00

ManlyManMeat

  • Race: Zerg Zerg
  • League: Diamond
  • Spawn Location: 11:00

VOD

Have the link to the VOD?

Description

Time

  • Played on: July 10, 2025, 10:13 a.m.
  • Length: 10:07
Show
View Real Time Build Order
Export as new Build Order

GreyNight Terran - Winner!

Build Orders: Reaper Expand, Hellion Banshee 

Get SALT Encoding   

  12  0:00  SCV  
  13  0:15  Supply Depot  
  13  0:17  SCV  
  14  0:29  SCV  
  15  0:38  Barracks  
  15  0:41  SCV  
  16  0:45  Refinery  
  16  0:53  SCV  
  17  1:06  SCV  
  18  1:18  SCV  
  19  1:26  Supply Depot  
  19  1:28  Reaper  
  19  1:30  Orbital Command  
  20  1:52  Command Center  
  20  1:55  SCV  
  21  2:02  Marine  
  22  2:09  SCV  
  22  2:11  Factory  
  23  2:21  SCV  
  24  2:23  Barracks Reactor  
  24  2:34  SCV  
  25  2:45  Refinery  
  25  2:46  SCV  
  26  2:55  Command Center  
  25  3:09  Barracks Tech Lab  
  25  3:14  SCV  
  25  3:16  Orbital Command  
  25  3:17  Starport  
  25  3:19  Bunker  
  26  3:22  Hellion  
  26  3:25  Hellion  
  30  3:29  SCV  
  31  3:36  Marine  
  32  3:41  SCV  
  32  3:43  Hellion  
  32  3:46  SCV  
  32  3:47  Hellion  
  38  3:59  SCV x2  
  38  4:02  Barracks Reactor  
  40  4:09  Hellion x2  
  44  4:11  SCV x2  
  44  4:12  Orbital Command  
  46  4:22  Supply Depot  
  46  4:23  SCV x2  
  48  4:28  Barracks  
  48  4:31  Barracks  
  48  4:35  SCV  
  49  4:39  SCV  
  49  4:40  SCV  
  51  4:47  SCV  
  51  4:49  Banshee  
  51  4:51  Cloaking Field, SCV  
  51  4:52  SCV  
  57  4:59  Supply Depot, Marine x2  
  60  5:00  Supply Depot, SCV  
  60  5:12  SCV  
  60  5:13  SCV  
  60  5:14  Barracks  
  62  5:16  Factory Tech Lab  
  62  5:17  Marine  
  51  5:35  Barracks Tech Lab  
  51  5:36  Barracks Tech Lab  
  51  5:42  Barracks  
  51  5:44  Supply Depot  
  51  5:45  Supply Depot  
  51  5:47  SCV x2  
  51  5:48  Refinery  
  51  5:49  Refinery  
  53  5:51  Marine  
  53  5:52  Banshee  
  53  5:53  Siege Tank  
  53  5:54  Marine  
  53  5:56  Stimpack, Combat Shield  
  53  5:57  Marine x2  
  61  6:03  Engineering Bay  
  63  6:05  Engineering Bay, SCV x2  
  63  6:07  SCV  
  63  6:09  Marine  
  67  6:12  Marine  
  67  6:14  Marine  
  67  6:15  Marine  
  70  6:22  Marine x2  
  70  6:24  SCV x2  
  75  6:25  Siege Tank, SCV  
  75  6:26  Marine  
  75  6:30  Marine  
  75  6:32  Marine  
  80  6:33  Marine  
  80  6:36  SCV  
  80  6:39  Marine  
  83  6:40  Orbital Command  
  84  6:51  Marauder  
  84  6:52  Supply Depot  
  83  6:55  Marine  
  83  6:57  Barracks Reactor  
  84  7:07  Bunker  
  84  7:09  SCV x3  
  84  7:11  Supply Depot  
  87  7:19  Marauder x2, Marine x2  
  87  7:21  SCV, Siege Tank  
  99  7:29  Concussive Shells  
  97  7:32  Terran Infantry Weapons Level 1  
  97  7:33  Terran Infantry Armor Level 1  
  97  7:35  Marine x3, Armory  
  97  7:36  SCV  
  97  7:37  Marine x2, SCV x2  
  103  7:41  Marauder x2  
  103  7:43  Supply Depot  
  109  7:47  Supply Depot  
  109  7:48  SCV, Medivac x2  
  109  7:49  SCV x2  
  116  7:53  Marine  
  116  7:57  Barracks  
  117  7:59  Barracks  
  117  8:03  Barracks  
  117  8:05  Marauder, Marine x4  
  123  8:07  Marauder  
  123  8:08  Siege Tank  
  123  8:11  Marine  
  123  8:12  Refinery  
  129  8:13  Refinery  
  129  8:18  Medivac x2  
  133  8:22  Marine x3  
  133  8:25  Marauder  
  133  8:26  Marine  
  124  8:29  SCV x3  
  119  8:41  SCV x3  
  119  8:45  Supply Depot  
  122  8:58  Barracks Tech Lab, Barracks Reactor  
  122  8:59  Barracks Reactor  
  122  9:07  Marine, SCV x2  
  125  9:14  Marine  
  125  9:15  SCV  
  125  9:17  Marine x5  
  125  9:19  SCV x2  
  125  9:31  Supply Depot  
  125  9:38  Marine  
  125  9:39  Marine x3  
  125  9:40  Marine  
  125  9:53  SCV  
  125  9:54  SCV  
Show
View Real Time Build Order
Export as new Build Order

ManlyManMeat Zerg 

Build Orders: Hatch First 

Get SALT Encoding   

  12  0:00  Drone  
  13  0:08  Drone  
  14  0:14  Extractor  
  14  0:15  Drone  
  15  0:22  Overlord  
  15  0:41  Drone  
  16  0:47  Hatchery  
  16  0:50  Drone  
  16  0:53  Drone  
  17  0:57  Drone  
  18  1:11  Extractor  
  17  1:14  Spawning Pool  
  16  1:18  Drone  
  16  1:20  Drone  
  18  1:28  Drone  
  19  1:43  Drone  
  20  2:00  Queen x2  
  24  2:01  Zergling x4  
  24  2:02  Overlord  
  26  2:10  Metabolic Boost  
  26  2:28  Drone  
  27  2:30  Hatchery  
  27  2:34  Drone  
  27  2:41  Drone x2  
  29  2:46  Drone x2  
  31  2:56  Queen  
  33  3:04  Drone x3  
  36  3:09  Overlord  
  36  3:23  Overlord x2  
  36  3:29  Drone  
  36  3:30  Drone x4  
  42  3:34  Zergling x4  
  42  3:41  Queen  
  43  3:42  Drone  
  43  3:44  Zergling x4  
  48  3:52  Zergling x4  
  48  3:55  Drone x2  
  52  4:00  Queen  
  54  4:11  Drone x3, Overlord x2  
  57  4:20  Baneling Nest  
  56  4:29  Lair  
  55  4:35  Queen  
  55  4:36  Drone  
  55  4:37  Drone x2  
  60  4:43  Drone x5  
  60  4:44  Overlord x2  
  66  4:52  Drone  
  66  4:53  Drone  
  66  4:57  Drone x3  
  70  5:00  Drone x3, Extractor  
  70  5:06  Queen  
  74  5:17  Evolution Chamber  
  71  5:25  Zergling x6  
  71  5:26  Zergling x6  
  72  5:31  Hatchery  
  68  5:35  Drone x2  
  68  5:36  Drone, Zergling x2  
  68  5:37  Zergling x8  
  75  5:48  Zergling x8  
  79  5:51  Centrifugal Hooks  
  79  5:52  Zerg Melee Weapons Level 1  
  79  5:53  Zergling x2  
  80  6:02  Hatchery  
  79  6:05  Hatchery  
  78  6:16  Extractor x2  
  78  6:18  Infestation Pit  
  74  6:19  Drone x6  
  74  6:21  Evolution Chamber  
  74  6:23  Overseer  
  79  6:41  Zergling x22  
  79  6:42  Zergling x8  
  93  6:51  Zerg Ground Armor Level 1  
  92  7:04  Overlord x4  
  92  7:08  Zergling x6, Overlord  
  95  7:09  Overlord  
  90  7:19  Baneling  
  90  7:20  Baneling x7  
  89  7:33  Zergling x30  
  104  7:37  Drone x3  
  107  7:53  Baneling x2  
  107  7:56  Drone x3  
  107  7:57  Drone x3, Hatchery  
  112  7:59  Drone  
  112  8:00  Drone x2, Hatchery, Extractor  
  112  8:01  Drone x3, Extractor  
  112  8:03  Spore Crawler  
  86  8:27  Zergling x36  
  86  8:28  Zergling x12  
  103  8:38  Drone x8  
  107  9:16  Zergling x2  
  107  9:17  Zergling x46  
  95  9:22  Zergling x22  
  101  9:36  Baneling x10  
  92  9:39  Zergling x16  
  75  9:49  Zergling x16  
Tags
 
Add a new tag
Caveats
  • Supply blocks, unpowered buildings, or Contaminate may cause inaccurate times.
  • Supply counts are checked every 10 seconds.